 Dungeon Crawl Stone Soup version 0.21.1-1-g345015fe64 (webtiles) character file.

163 Holzbalken the Insei (level 5, 0/44 HPs)
             Began as a Naga Transmuter on July 15, 2018.
             Slain by smiqu's ghost (6 damage)
             ... on level 3 of the Dungeon.
             The game lasted 00:14:45 (3442 turns).

Holzbalken the Insei (Naga Transmuter)              Turns: 3442, Time: 00:14:46

Health: 0/44       AC:  5    Str: 12    XL:     5   Next: 44%
Magic:  9/9        EV: 10    Int: 13    God:
Gold:   116        SH:  0    Dex: 13    Spells: 4/10 levels left

rFire    . . .     SeeInvis +     - Unarmed
rCold    + . .     Gourm    .   (no shield)
rNeg     . . .     Faith    .   n - +2 leather armour {rC+}
rPois    +         Spirit   .   (no helmet)
rElec    .         Reflect  .   (no cloak)
rCorr    .         Harm     .   (no gloves)
MR       .....                  (no barding)
Stlth    +.........             (no amulet)
HPRegen  0.14/turn              (no ring)
MPRegen  0.11/turn              (no ring)

@: confused, appendage, very slow
A: large, horns 2, see invisible, deformed body, poison resistance, slowness 2,
slow metabolism 1, spit poison 1, AC +1
a: Spit Poison, End Transformation


You were on level 3 of the Dungeon.
You were not hungry.
You had grown temporary horns.
You visited 1 branch of the dungeon, and saw 3 of its levels.

You collected 116 gold pieces.

Inventory:

Missiles
 a - 103 arrows
Armour
 b - a +0 robe
 n - a +2 leather armour of cold resistance (worn)
Scrolls
 h - a scroll of enchant weapon {unknown}
 k - 2 scrolls of teleportation {unknown}
 l - 3 scrolls of fog {unknown}
 m - a scroll of fear {unknown}
 o - a scroll of blinking {unknown}
 p - 2 scrolls of identify {unknown}
Potions
 e - a potion of lignification {unknown}
 f - a potion of brilliance {unknown}
 g - a potion of might {unknown}
 i - a potion of ambrosia
 j - 2 potions of heal wounds {unknown}
Books
 c - a book of Changes

   Spells                             Type                      Level
   a - Beastly Appendage              Transmutation                1
   b - Sticks to Snakes               Transmutation                2
   c - Spider Form                    Transmutation/Poison         3
   d - Ice Form                       Ice/Transmutation            4
   e - Blade Hands                    Transmutation                5
Comestibles
 d - 5 rations


   Skills:
 - Level 1.0 Fighting
 + Level 2.3 Dodging
 + Level 3.6 Unarmed Combat
 * Level 3.2 Spellcasting
 * Level 3.4 Transmutations
 * Level 0.3 Poison Magic


You had 4 spell levels left.
You knew the following spells:

 Your Spells              Type           Power        Failure   Level  Hunger
a - Beastly Appendage     Tmut           ##....       7%          1    #......
b - Sticks to Snakes      Tmut           ##......     11%         2    ##.....
c - Spider Form           Tmut/Pois      #.........   36%         3    ###....


Dungeon Overview and Level Annotations

Branches:
Dungeon (3/15)

Altars:
Qazlal
Wu Jian
The Shining One

Annotations:
D:3 smiqu's ghost, amateur DsFi


Innate Abilities, Weirdness & Mutations

You cannot wear boots.
Your serpentine skin is tough. (AC +1)
You have supernaturally acute eyesight. (SInv)
Armour fits poorly on your strangely shaped body.
Your system is resistant to poisons. (rPois)
You cover ground very slowly.
You have a slow metabolism.
You can spit poison.
You have a pair of horns on your head.


Message History

You hit smiqu's ghost.
Smiqu's ghost is lightly damaged.
Smiqu's ghost closely misses you.
You hit smiqu's ghost.
Smiqu's ghost is moderately damaged.
Smiqu's ghost hits you but does no damage.
You hit smiqu's ghost.
Smiqu's ghost is moderately damaged.
Smiqu's ghost barely misses you.
You barely miss smiqu's ghost.
Smiqu's ghost is moderately damaged.
Smiqu's ghost hits you but does no damage.
You barely miss smiqu's ghost.
Smiqu's ghost is moderately damaged.
Smiqu's ghost hits you!
* * * LOW HITPOINT WARNING * * *
It was a potion of ambrosia.
You are confused.
You feel invigorated. Smiqu's ghost hits you.
You die...

#.............#######
#.#.#..######.#
#..######.#####
#.............#
##.###.#..###.#
#....###W# . #.###.#..#
..
.###.####.####.#.##.#
......W@..)....#....#..
.###.####.####.........
#.# #.####.#.. #.# #.#
... #.# ... ... #...#
#.# #.... ... #..## #.#


You could see smiqu's ghost.

Vanquished Creatures
  Natasha (thrice) (D:2)
  3 adders (D:2)
  An ooze (D:1)
  A worm (D:2)
  4 dart slugs
  An orc (D:3)
  3 giant cockroaches (D:1)
  5 goblins
  6 hobgoblins
  5 jackals (D:2)
  5 bats
  2 frilled lizards
  3 kobolds
  5 rats
47 creatures vanquished.

Notes
Turn   | Place    | Note
-------+----------+-------------------------------------------
     0 | D:1      | Holzbalken the Naga Transmuter began the quest for the Orb.
     0 | D:1      | Reached XP level 1. HP: 18/18 MP: 3/3
    88 | D:1      | Reached XP level 2. HP: 25/25 MP: 5/5
   944 | D:1      | Learned a level 2 spell: Sticks to Snakes
  1125 | D:2      | Reached XP level 3. HP: 30/31 MP: 6/6
  1590 | D:2      | Noticed Natasha
  1602 | D:2      | Killed Natasha
  1602 | D:2      | Reached XP level 4. HP: 23/38 MP: 5/8
  1613 | D:2      | Noticed Natasha
  1632 | D:2      | Killed Natasha
  1713 | D:2      | Noticed Natasha
  1893 | D:2      | Found an ornate altar of the Wu Jian Council.
  1906 | D:2      | Killed Natasha
  1906 | D:2      | Reached XP level 5. HP: 25/44 MP: 7/9
  2763 | D:2      | Learned a level 3 spell: Spider Form
  3045 | D:3      | Found a stormy altar of Qazlal.
  3047 | D:3      | Found a glowing golden altar of the Shining One.
  3233 | D:3      | Noticed smiqu's ghost (amateur DsFi)
  3442 | D:3      | Slain by smiqu's ghost

Skill      XL: |  1  2  3  4 |
---------------+-------------+-----
Dodging        | 2 |  2.3
Spellcasting   | 3 |  3.2
Transmutations | 3 |  3.4
Fighting       | |  1.0
Unarmed Combat | |  3.6
Poison Magic   | |  0.3

Action                   |  1- 3 |  4- 6 || total
-------------------------+-------+-------++-------
Melee: Unarmed           |    72 |    74 ||   146
       Headbutt          |    10 |     8 ||    18
       Punch             |     1 |       ||     1
 Cast: Beastly Appendage |     8 |     7 ||    15
 Abil: Spit Poison       |    17 |    16 ||    33
  Use: Potion            |       |     3 ||     3
  Eat: Chunk             |     2 |     2 ||     4
       Ration            |       |     1 ||     1
Armor: Robe              |     4 |    10 ||    14
       Leather armour    |       |     9 ||     9
Dodge: Dodged            |    33 |    42 ||    75
